[Event "Titled Tuesday Blitz May 24 Early 2022"]
[White "Djokic, Mihailo"]
[Black "Horak, Martin"]
[WhiteFideId "976440"]
[BlackFideId "367095"]
[WhiteElo "2202"]
[BlackElo "1997"]
[Result "1-0"]
[Round "03"]
[TimeControl "180+1"]
[Date "2022.05.25"]
[WhiteClock "0:00:18"]
[BlackClock "0:00:19"]

1. e4 e5 2. Nf3 Nc6 3. Nc3 Nf6 4. Bb5 Bb4 5. O-O O-O 6. d3 Bxc3 7. bxc3 d6 8. Re1 a6 9. Ba4 Qe7 10. d4 Bg4 11. h3 Bxf3 12. Qxf3 b5 13. Bb3 exd4 14. Bg5 dxc3 15. Qxc3 Ne5 16. f4 Nc4 17. Bxc4 bxc4 18. e5 dxe5 19. fxe5 Qc5+ 20. Be3 Nd5 21. Bxc5 Nxc3 22. Bxf8 Kxf8 23. Re3 Nb5 24. Rd1 Ke7 25. a4 Na7 26. Rc3 Rb8 27. Rxc4 Rb7 28. Rd5 Nc8 29. Rdc5 Kd7 30. Rd4+ Ke7 31. a5 Na7 32. Rdc4 Kd7 33. Rh4 h6 34. Rg4 g6 35. Rf4 Ke7 36. Rf6 Nb5 37. Rxa6 Nd4 38. Kh2 h5 39. Ra8 h4 40. g3 g5 41. gxh4 gxh4 42. a6 Rb1 43. a7 Rd1 44. Re8+ Kxe8 45. a8=Q+ Ke7 46. Rxc7+ Ke6 47. Qc8+ Kxe5 48. Re7+ Kf4 49. Qg4# 1-0


[Site "https://www.chess.com"]

[Event "Titled Tuesday Blitz May 24 Early 2022"]
[White "Dmitrenko, Viktor"]
[Black "Seemann, Jakub"]
[WhiteFideId "14110270"]
[BlackFideId "21874697"]
[WhiteElo "2218"]
[BlackElo "2003"]
[Result "0-1"]
[Round "03"]
[TimeControl "180+1"]
[Date "2022.05.25"]
[WhiteClock "0:00:10"]
[BlackClock "0:01:24"]

1. Nf3 Nf6 2. d4 b6 3. c4 Bb7 4. a3 e6 5. Nc3 c5 6. d5 exd5 7. cxd5 d6 8. g3 Nbd7 9. Bh3 Be7 10. O-O O-O 11. e4 a6 12. a4 Re8 13. Nd2 Bf8 14. f4 Qc7 15. Qf3 c4 16. Kh1 Nc5 17. g4 Kh8 18. g5 Nfxe4 19. Ndxe4 Nxe4 20. Nxe4 Bxd5 21. Bf5 g6 22. Kg1 gxf5 23. Qc3+ Bg7 24. Nf6 Qc5+ 25. Rf2 Re6 26. Bd2 Bxf6 27. gxf6 Rg8+ 28. Kf1 Be4 29. Re1 Bd3+ 30. Qxd3 cxd3 31. Rxe6 fxe6 32. f7 Rf8 33. Bc3+ e5 34. fxe5 dxe5 35. Rxf5 Kg7 36. Bxe5+ Kg6 37. Rf6+ Kg5 38. h4+ Kxh4 39. Bc3 d2 40. Rf4+ Kg3 41. Bxd2 Rxf7 42. Rxf7 Qc4+ 0-1


[Site "https://www.chess.com"]

[Event "Titled Tuesday Blitz May 24 Early 2022"]
[White "Donchenko, Alexander"]
[Black "Tologon tegin, Semetei"]
[WhiteFideId "24603295"]
[BlackFideId "13800574"]
[WhiteElo "2572"]
[BlackElo "2258"]
[Result "0-1"]
[Round "03"]
[TimeControl "180+1"]
[Date "2022.05.24"]
[WhiteClock "0:00:03"]
[BlackClock "0:00:06"]

1. d4 Nf6 2. c4 e6 3. Nf3 b6 4. g3 Bb7 5. Bg2 Be7 6. O-O c5 7. d5 exd5 8. Ng5 O-O 9. Nc3 h6 10. Nh3 Na6 11. Nf4 Nc7 12. Ncxd5 Ncxd5 13. Nxd5 Nxd5 14. Bxd5 Bc6 15. b3 Bf6 16. Rb1 Re8 17. e3 Qc7 18. Qf3 Re5 19. Bxc6 dxc6 20. Rd1 Ree8 21. Bb2 Bxb2 22. Rxb2 Rad8 23. Rbd2 Rxd2 24. Rxd2 Re6 25. Qd1 g6 26. Rd7 Qe5 27. Rxa7 Kg7 28. Rd7 Rf6 29. h4 h5 30. Rd2 Qe4 31. Qc2 Qe5 32. Qb2 Qe6 33. Qc3 Kh7 34. a4 Qf5 35. Qc2 Qe5 36. Qb2 Qf5 37. Qa2 Qe4 38. Qa1 Qf5 39. Kh2 g5 40. hxg5 Qxg5 41. Kg2 h4 42. Qb1+ Kg7 43. Qe1 Qg4 44. Qe2 Rf3 45. a5 bxa5 46. Qd1 Qe4 47. Kh2 hxg3+ 48. fxg3 Rf6 49. Kg1 Qxe3+ 50. Kg2 Qe4+ 51. Kg1 Rh6 52. Rh2 Qe3+ 53. Kg2 Qe4+ 54. Kg1 Qe3+ 55. Kg2 Rf6 56. Qg4+ Rg6 57. Qf3 Qd2+ 58. Qf2 Qd4 59. Qxd4+ cxd4 60. Rh5 Re6 61. Kf3 Re3+ 62. Kf4 Rxb3 63. Rxa5 d3 64. Ke3 d2+ 65. Kxd2 Rxg3 66. Rc5 Rg6 67. Ke3 Rd6 68. Rg5+ Kf6 69. Rh5 Ke6 70. Ke4 f6 71. Rc5 Kd7 72. Kf5 Re6 73. Ra5 Kd6 74. Kg6 Re4 75. c5+ Kd5 76. Kxf6 Rf4+ 77. Kg5 Rc4 78. Kf5 Rxc5 79. Ra4 Rc4 80. Ra5+ c5 81. Ra1 Rh4 82. Rd1+ Kc6 83. Rc1 c4 84. Ke5 Kc5 85. Ra1 Kb4 86. Rb1+ Kc3 87. Kd5 Kd2 88. Rb4 Kd3 89. Ra4 Rh5+ 90. Kc6 c3 91. Ra3 Kd2 0-1


[Site "https://www.chess.com"]

[Event "Titled Tuesday Blitz May 24 Early 2022"]
[White "Drygalov, Sergey"]
[Black "Aradhya, Garg"]
[WhiteFideId "24171743"]
[BlackFideId "25006746"]
[WhiteElo "2514"]
[BlackElo "2169"]
[Result "1/2-1/2"]
[Round "03"]
[TimeControl "180+1"]
[Date "2022.05.24"]
[WhiteClock "0:00:29"]
[BlackClock "0:00:21"]

1. d4 d5 2. c4 c6 3. Nf3 Nf6 4. Nc3 dxc4 5. g3 g6 6. e4 b5 7. e5 Nd5 8. a4 Bg7 9. axb5 Nxc3 10. bxc3 cxb5 11. Bg2 Bb7 12. e6 O-O 13. exf7+ Rxf7 14. O-O Qd5 15. Nh4 Qd7 16. Re1 Bxg2 17. Nxg2 Nc6 18. Ra6 Qb7 19. Ra2 b4 20. Be3 bxc3 21. Qa4 Nxd4 22. Bxd4 Bxd4 23. Qxc4 e5 24. Ne3 Kg7 25. h4 Rc8 26. Qd3 Qf3 27. Rc2 Rd8 28. Qb5 Bxe3 29. Qxe5+ Kg8 30. Qxe3 Qxe3 31. Rxe3 Rd1+ 32. Kg2 Rd2 33. Rxd2 cxd2 34. Rd3 a5 35. Rxd2 Ra7 36. Ra2 Kf7 37. Kf3 Ke6 38. Kf4 Kd5 39. Kg5 Kc4 40. f4 Kb3 41. Ra1 a4 42. g4 a3 43. h5 gxh5 44. Kxh5 a2 45. f5 Kb2 46. Rxa2+ Kxa2 47. g5 Kb3 48. g6 Kc4 49. Kh6 hxg6 50. fxg6 Kd5 51. g7 Ra8 52. Kh7 Ke6 53. g8=Q+ Rxg8 54. Kxg8 1/2-1/2


[Site "https://www.chess.com"]

[Event "Titled Tuesday Blitz May 24 Early 2022"]
[White "Durarbayli, Vasif"]
[Black "Kuderinov, Kirill"]
[WhiteFideId "13402935"]
[BlackFideId "13701568"]
[WhiteElo "2528"]
[BlackElo "2432"]
[Result "1-0"]
[Round "03"]
[TimeControl "180+1"]
[Date "2022.05.24"]
[WhiteClock "0:00:27"]
[BlackClock "0:01:24"]

1. d4 Nf6 2. c4 e6 3. Nc3 d5 4. cxd5 exd5 5. Bg5 c5 6. e3 Nc6 7. Bd3 cxd4 8. exd4 Nxd4 9. Nf3 Nxf3+ 10. Qxf3 d4 11. Bb5+ Bd7 12. Bxf6 gxf6 13. O-O-O Bxb5 14. Rhe1+ Be7 15. Qxf6 O-O 16. Rxe7 Qb6 17. Qxb6 axb6 18. Nxb5 Rxa2 19. Rxd4 Rc8+ 20. Nc3 Ra1+ 21. Kc2 Rg1 22. Rg4+ Kf8 23. Rxb7 h5 24. Rf4 Rxg2 25. Rfxf7+ Kg8 26. h4 b5 27. Rf5 b4 28. Rxb4 Rc6 29. Rg5+ Rxg5 30. hxg5 Kg7 31. Rf4 Kg6 32. Rf6+ Rxf6 33. gxf6 h4 34. Ne4 Kf5 35. Kd3 h3 36. f7 1-0


[Site "https://www.chess.com"]

[Event "Titled Tuesday Blitz May 24 Early 2022"]
[White "Estrada Nieto, Julian"]
[Black "Agasarov, Benik"]
[WhiteFideId "5101018"]
[BlackFideId "13314823"]
[WhiteElo "2252"]
[BlackElo "2629"]
[Result "1-0"]
[Round "03"]
[TimeControl "180+1"]
[Date "2022.05.25"]
[WhiteClock "0:00:35"]
[BlackClock "0:00:02"]

1. e4 c5 2. Nf3 d6 3. Bb5+ Nd7 4. d4 cxd4 5. Qxd4 a6 6. Bxd7+ Bxd7 7. Nc3 e6 8. Bg5 Nf6 9. O-O-O Be7 10. e5 dxe5 11. Nxe5 Bc6 12. Nxc6 bxc6 13. Bxf6 Bxf6 14. Qc5 Qc7 15. Nd5 exd5 16. Rhe1+ Be7 17. Rxe7+ Qxe7 18. Qxc6+ Kf8 19. Qxa8+ Qe8 20. Qxe8+ Kxe8 21. Rxd5 Ke7 22. Ra5 Ra8 23. Kd2 g6 24. c4 h5 25. Kc3 f6 26. b4 Kd7 27. b5 Re8 28. bxa6 Kc7 29. a7 Ra8 30. Kd4 Kb6 31. Ra3 Rd8+ 32. Ke3 Re8+ 33. Kf3 Ra8 34. h4 Kc5 35. Ra4 Kd4 36. Kf4 Kc5 37. f3 Kd4 38. g4 hxg4 39. fxg4 Kc5 40. h5 gxh5 41. gxh5 Kd6 42. Kf5 Ke7 43. h6 Kf7 44. Ra6 Kg8 45. Kg6 Kh8 46. c5 f5 47. Kxf5 Kh7 48. Ke5 Re8+ 49. Kd6 Ra8 50. Kc7 Kh8 51. Kb7 Rd8 52. a8=Q Kh7 53. Ra7 Kxh6 54. Qxd8 1-0


[Site "https://www.chess.com"]

[Event "Titled Tuesday Blitz May 24 Early 2022"]
[White "Eynullayev, Atilla"]
[Black "Ramirez Vido, Robert Yorisan"]
[WhiteFideId "13413570"]
[BlackFideId "3513823"]
[WhiteElo "1936"]
[BlackElo "2341"]
[Result "0-1"]
[Round "03"]
[TimeControl "180+1"]
[Date "2022.05.25"]
[WhiteClock "0:00:02"]
[BlackClock "0:00:37"]

1. e4 d6 2. d4 Nf6 3. Nc3 g6 4. Bg5 Bg7 5. Qd2 c6 6. Bd3 Nbd7 7. Bh6 Bxh6 8. Qxh6 Qb6 9. Nge2 e5 10. dxe5 dxe5 11. O-O Qc5 12. a3 Qf8 13. Qe3 Qc5 14. Qf3 O-O 15. b4 Qe7 16. Ng3 a5 17. Rab1 axb4 18. axb4 Nb6 19. Qd1 Rd8 20. Qd2 Kg7 21. f4 Nc4 22. Qe2 exf4 23. Bxc4 fxg3 24. hxg3 Qe5 25. Rb3 b5 26. Bd3 Be6 27. Nd1 Bxb3 28. cxb3 Qd4+ 29. Nf2 h5 30. Bb1 Ng4 31. e5 Ra1 32. e6 Nxf2 0-1


[Site "https://www.chess.com"]

[Event "Titled Tuesday Blitz May 24 Early 2022"]
[White "Ferguson, Randal"]
[Black "Hart, Braeden"]
[WhiteFideId "30903106"]
[BlackFideId "30962587"]
[WhiteElo "2158"]
[BlackElo "2389"]
[Result "0-1"]
[Round "03"]
[TimeControl "180+1"]
[Date "2022.05.25"]
[WhiteClock "0:00:06"]
[BlackClock "0:00:54"]

1. e4 e5 2. Nf3 d5 3. Nxe5 Bd6 4. d4 dxe4 5. Nc4 Nf6 6. Nc3 Nc6 7. Bg5 Bf5 8. Ne3 Bg6 9. Ncd5 Be7 10. Nxe7 Qxe7 11. Nd5 Qd6 12. Nxf6+ gxf6 13. Be3 O-O-O 14. c3 h5 15. g3 h4 16. Bg2 h3 17. Bf1 Bh5 18. Be2 Bxe2 19. Qxe2 Qd5 20. b3 f5 21. O-O-O Kb8 22. Kb2 Ne7 23. c4 Qd6 24. d5 Ng6 25. Rd2 Rhe8 26. Rhd1 f4 27. c5 Qe5+ 28. Bd4 Qf5 29. d6 cxd6 30. cxd6 Rxd6 31. Bc3 Red8 32. Rxd6 Rxd6 33. Rc1 fxg3 34. hxg3 Qf3 35. Qc4 Qxf2+ 36. Ka1 a6 0-1


[Site "https://www.chess.com"]

[Event "Titled Tuesday Blitz May 24 Early 2022"]
[White "Fernandez Barrera, Victor"]
[Black "Legenia, Artem"]
[WhiteFideId "2261529"]
[BlackFideId "14136945"]
[WhiteElo "2189"]
[BlackElo "1936"]
[Result "1-0"]
[Round "03"]
[TimeControl "180+1"]
[Date "2022.05.25"]
[WhiteClock "0:00:18"]
[BlackClock "0:00:32"]

1. Nf3 b6 2. g3 Bb7 3. Bg2 g6 4. O-O Bg7 5. d4 e6 6. b3 Ne7 7. Bb2 O-O 8. c4 d6 9. Nc3 a6 10. Qc2 Nd7 11. Rad1 h6 12. e4 Kh7 13. Rfe1 Qc8 14. h3 Nc6 15. d5 Ne7 16. Ne2 e5 17. b4 a5 18. a3 f5 19. Bc1 fxe4 20. Qxe4 Nf6 21. Qc2 Qf5 22. Qxf5 Nxf5 23. g4 Ne7 24. Be3 axb4 25. axb4 Ra4 26. Rb1 Rfa8 27. Nc3 Ra3 28. Nb5 Ra2 29. Nxc7 Rc8 30. Nb5 Ne4 31. Nxe5 Bxe5 32. Bxe4 Rxc4 33. Bg2 Bxd5 34. Red1 Bxg2 35. Kxg2 d5 36. Bxb6 Rcc2 37. Bc5 Nc6 38. Rxd5 Bg7 39. Re1 h5 40. Rd7 Kg8 41. Re8+ Kh7 42. Rc8 Nxb4 43. Rcc7 Nd3 44. Rxg7+ Kh6 45. Be3+ g5 46. Bxg5# 1-0


[Site "https://www.chess.com"]

[Event "Titled Tuesday Blitz May 24 Early 2022"]
[White "Fernandez Siles, Luis"]
[Black "Winkels, Marcel"]
[WhiteFideId "2209420"]
[BlackFideId "1003887"]
[WhiteElo "2212"]
[BlackElo "1900"]
[Result "1-0"]
[Round "03"]
[TimeControl "180+1"]
[Date "2022.05.25"]
[WhiteClock "0:00:17"]
[BlackClock "0:00:02"]

1. e4 c5 2. Nf3 d6 3. Bb5+ Nd7 4. O-O a6 5. Bd3 Ngf6 6. c3 e6 7. Bc2 b5 8. d4 Bb7 9. Re1 Be7 10. Nbd2 O-O 11. e5 dxe5 12. dxe5 Nd5 13. Ne4 h6 14. Qe2 Qc7 15. Ng3 c4 16. Qe4 N5f6 17. Qh4 Nd5 18. Qg4 Kh8 19. Qh3 f5 20. Bxh6 gxh6 21. Qxh6+ Kg8 22. Qxe6+ Rf7 23. Nxf5 Nf8 24. Nh6+ Kh8 25. Nxf7+ Kg7 26. Qf5 Bc8 27. Qh5 Bc5 28. Re4 Qxf7 29. Qg5+ Ng6 30. h4 Ne7 31. h5 Bb7 32. Rg4 Bxf3 33. gxf3 Rd8 34. Bxg6 1-0


[Site "https://www.chess.com"]

[Event "Titled Tuesday Blitz May 24 Early 2022"]
[White "Fromm, Marius"]
[Black "Matinian, Nikita"]
[WhiteFideId "12993190"]
[BlackFideId "24129100"]
[WhiteElo "2500"]
[BlackElo "2422"]
[Result "1/2-1/2"]
[Round "03"]
[TimeControl "180+1"]
[Date "2022.05.25"]
[WhiteClock "0:00:03"]
[BlackClock "0:00:31"]

1. e4 c5 2. Nf3 d6 3. d4 cxd4 4. Nxd4 Nf6 5. Nc3 g6 6. Be3 Nc6 7. f3 h5 8. Qd2 Nxd4 9. Bxd4 Bh6 10. Qf2 Qa5 11. Bc4 Be6 12. Bb3 Bxb3 13. cxb3 e5 14. Be3 Bxe3 15. Qxe3 h4 16. O-O-O Nh5 17. Rxd6 Nf4 18. Rhd1 Rc8 19. Kb1 Kf8 20. g3 hxg3 21. hxg3 Ne6 22. Rxe6 fxe6 23. Qg5 Qb6 24. Qf6+ Kg8 25. Qxg6+ Kf8 26. Rd7 Rh1+ 27. Nd1 Rxd1+ 28. Rxd1 Qc6 29. Qf6+ Ke8 30. Qh8+ Ke7 31. Qg7+ Ke8 32. Qg8+ Ke7 33. Qg7+ Ke8 34. Qg8+ Ke7 35. Qg7+ 1/2-1/2


[Site "https://www.chess.com"]

[Event "Titled Tuesday Blitz May 24 Early 2022"]
[White "Garcia Garcia, Alejandro"]
[Black "Gatterer, Florian"]
[WhiteFideId "3516334"]
[BlackFideId "811688"]
[WhiteElo "2142"]
[BlackElo "2218"]
[Result "1-0"]
[Round "03"]
[TimeControl "180+1"]
[Date "2022.05.25"]
[WhiteClock "0:00:31"]
[BlackClock "0:00:05"]

1. Nf3 g6 2. g3 Bg7 3. Bg2 c5 4. O-O Nc6 5. c3 e5 6. e3 Nge7 7. d4 cxd4 8. exd4 exd4 9. Nxd4 O-O 10. Be3 d5 11. Na3 Nf5 12. Nxf5 Bxf5 13. Qxd5 Qf6 14. Qb5 Rab8 15. Bf4 a6 16. Qb6 Rbc8 17. Qxb7 Ne5 18. Bxe5 Qxe5 19. Qxa6 Rb8 20. Rfe1 Qc5 21. Qe2 Qb6 22. Nc4 Qa6 23. Bf1 h5 24. Ne3 Qa5 25. b4 Qe5 26. Nxf5 Qxf5 27. Rac1 Rfc8 28. Qd2 Kh7 29. Rc2 Rd8 30. Qc1 Rdc8 31. a3 h4 32. c4 hxg3 33. hxg3 Bd4 34. c5 Kg7 35. Rd1 Be5 36. Bg2 Rh8 37. Rc4 Bf6 38. Rf4 Qh5 39. Re1 Rbd8 40. c6 Rhe8 41. Rxe8 Rd1+ 42. Re1 Rxc1 43. Rxc1 Bg5 44. c7 Bxf4 45. c8=Q Bxc1 46. Qxc1 Qe5 47. a4 Qd4 48. Qb1 Kf6 49. a5 Qd1+ 50. Qxd1 1-0


[Site "https://www.chess.com"]

[Event "Titled Tuesday Blitz May 24 Early 2022"]
[White "Garv Gaur"]
[Black "Li, Hui"]
[WhiteFideId "45030839"]
[BlackFideId "15400310"]
[WhiteElo "1950"]
[BlackElo "1954"]
[Result "1-0"]
[Round "03"]
[TimeControl "180+1"]
[Date "2022.05.25"]
[WhiteClock "0:02:40"]
[BlackClock "0:00:02"]

1. d4 Nf6 2. Nf3 d5 3. c4 e6 4. g3 Be7 5. Bg2 O-O 6. O-O dxc4 7. Qc2 a6 8. a4 Bd7 9. Ne5 Bc6 10. Nxc6 Nxc6 11. e3 Na5 12. Nd2 c5 13. dxc5 Rc8 14. b4 cxb3 15. Nxb3 Nxb3 16. Qxb3 Bxc5 17. Rd1 Qb6 18. Qxb6 Bxb6 19. Bxb7 Rc2 20. a5 Bc7 21. Bxa6 Ra8 22. Bd3 Rc3 23. a6 Nd5 24. Bb2 Rb3 25. Bd4 Nb4 26. Bc4 Nc2 27. Bxb3 Nxa1 28. Rxa1 g6 29. a7 e5 30. Bc5 Kg7 31. Bd5 e4 32. Bxa8 1-0


[Site "https://www.chess.com"]

[Event "Titled Tuesday Blitz May 24 Early 2022"]
[White "Golizadeh, Asghar"]
[Black "Hakemi, Arman"]
[WhiteFideId "12505269"]
[BlackFideId "22520805"]
[WhiteElo "2403"]
[BlackElo "2115"]
[Result "0-1"]
[Round "03"]
[TimeControl "180+1"]
[Date "2022.05.25"]
[WhiteClock "0:00:51"]
[BlackClock "0:01:09"]

1. e4 e5 2. Nf3 Nf6 3. d3 Nc6 4. g3 d5 5. Qe2 Bc5 6. Bg2 dxe4 7. dxe4 O-O 8. O-O h6 9. c3 a5 10. Rd1 Qe7 11. Be3 Nxe4 12. Nbd2 Nxd2 13. Nxd2 Bxe3 14. Qxe3 Bg4 15. Re1 Rad8 16. Nc4 Qe6 17. Nxe5 Nxe5 18. Qxe5 Qxe5 19. Rxe5 Rd2 20. b4 axb4 21. cxb4 c6 22. a4 Rfd8 23. Ree1 Rb2 24. Reb1 Rdd2 25. Rxb2 Rxb2 26. b5 Bd7 27. bxc6 bxc6 28. a5 Rb7 29. a6 Ra7 30. Kf1 Kf8 31. Ke2 Ke7 32. Kd3 Kd6 33. Kc4 Bc8 34. Rd1+ Kc7 35. Re1 Rxa6 36. Re7+ Kd6 37. Rxf7 Be6+ 0-1


[Site "https://www.chess.com"]

[Event "Titled Tuesday Blitz May 24 Early 2022"]
[White "Goltsev, Dmitry"]
[Black "Keymer, Vincent"]
[WhiteFideId "24176710"]
[BlackFideId "12940690"]
[WhiteElo "2258"]
[BlackElo "2548"]
[Result "0-1"]
[Round "03"]
[TimeControl "180+1"]
[Date "2022.05.24"]
[WhiteClock "0:00:03"]
[BlackClock "0:00:05"]

1. e4 c6 2. d4 d5 3. Nc3 dxe4 4. Nxe4 Nf6 5. Nxf6+ exf6 6. c3 Bd6 7. Bd3 O-O 8. Qc2 Re8+ 9. Be3 h5 10. Ne2 Nd7 11. h3 Nf8 12. g4 h4 13. O-O-O Be6 14. c4 Rc8 15. Kb1 b5 16. c5 Bc7 17. Rhg1 Qd7 18. Nf4 Bxf4 19. Bxf4 Qd5 20. b3 Qf3 21. Bd6 Bd5 22. g5 f5 23. Bxf5 Be4 24. Bxe4 Rxe4 25. d5 cxd5 26. Rxd5 Re2 27. Rf5 Qxh3 28. Qxe2 Qxf5+ 29. Qc2 Qf3 30. Bxf8 Rxf8 31. g6 h3 32. Re1 h2 33. Qd1 fxg6 34. Qxf3 Rxf3 35. Rh1 Rxf2 36. c6 Rf6 37. Rxh2 Rxc6 38. Kb2 a6 39. Ka3 a5 40. Rg2 Kf7 41. Rg5 Rb6 42. b4 a4 43. Kb2 Kf6 44. Rc5 g5 45. Kc3 g4 46. Kd4 Re6 47. Rxb5 g3 48. Rc5 g2 49. Rc1 Kf5 50. Rg1 Re2 51. b5 Kf4 52. b6 Kf3 53. Rb1 Rb2 54. Rxb2 g1=Q+ 55. Kc3 Qc5+ 56. Kd2 Qd4+ 57. Kc2 Ke2 0-1


[Site "https://www.chess.com"]

[Event "Titled Tuesday Blitz May 24 Early 2022"]
[White "Golubev, Mikhail"]
[Black "Vasquez Schroeder, Rodrigo"]
[WhiteFideId "14100983"]
[BlackFideId "3400042"]
[WhiteElo "2593"]
[BlackElo "2828"]
[Result "1/2-1/2"]
[Round "03"]
[TimeControl "180+1"]
[Date "2022.05.25"]
[WhiteClock "0:00:07"]
[BlackClock "0:01:15"]

1. e4 c5 2. Nf3 d6 3. d4 cxd4 4. Nxd4 Nf6 5. Nc3 a6 6. Bc4 e6 7. O-O b5 8. Bb3 Be7 9. Qf3 Qb6 10. Be3 Qb7 11. Qg3 b4 12. Na4 Nbd7 13. f3 O-O 14. Rac1 Ne5 15. c4 bxc3 16. Nxc3 Bd7 17. f4 Nd3 18. Rcd1 Nc5 19. e5 dxe5 20. fxe5 Nfe4 21. Nxe4 Nxe4 22. Qf3 Rab8 23. Bc2 Nc5 24. Qh3 g6 25. Bh6 Qxb2 26. Bxf8 Rxf8 27. Rf2 Qb4 28. Kh1 Rd8 29. Rxf7 h5 30. Rxe7 Ne4 31. Qh4 Nf2+ 32. Qxf2 Qxe7 33. Qf6 Qxf6 34. exf6 Kf7 35. Nc6 Rc8 36. Ne5+ Kxf6 37. Nxd7+ Ke7 38. Ba4 Rc4 39. Nb6 Rb4 40. Nc8+ Kf6 41. Bb3 a5 42. Re1 e5 43. Nd6 a4 44. Ne4+ Kf5 45. Ng3+ Kf4 46. Bc2 Rb2 47. Re4+ Kg5 48. Rxe5+ Kf6 49. Rc5 Rxa2 50. Ne4+ Ke6 51. h4 Rb2 52. Kh2 Rb4 53. Bd3 Rd4 54. Rc3 Ke5 55. Nd2 Kf4 56. Nf1 Ke5 57. Rc5+ Kd6 58. Rc3 Rxh4+ 59. Kg3 Rg4+ 60. Kf3 g5 61. Nd2 Rf4+ 62. Ke3 Kd5 63. Nf3 Rg4 64. Bc4+ Rxc4 65. Rd3+ Kc5 66. Nxg5 Rg4 67. Ne4+ Kb4 68. Kf3 a3 69. Rd4+ Kb3 70. Rd3+ Kb2 71. Rd2+ Kb3 72. Rd3+ Kb2 73. Rd2+ Kb3 74. Rd3+ 1/2-1/2


[Site "https://www.chess.com"]

[Event "Titled Tuesday Blitz May 24 Early 2022"]
[White "Gronnestad, Anita"]
[Black "Aggelis, Nikolaos"]
[WhiteFideId "1502972"]
[BlackFideId "4213220"]
[WhiteElo "1933"]
[BlackElo "2154"]
[Result "0-1"]
[Round "03"]
[TimeControl "180+1"]
[Date "2022.05.25"]
[WhiteClock "0:00:30"]
[BlackClock "0:01:28"]

1. d4 Nf6 2. c4 g6 3. Nf3 d5 4. Nc3 Bg7 5. g3 O-O 6. Bg2 dxc4 7. Ne5 Nc6 8. Nxc6 bxc6 9. Bxc6 Bh3 10. Bxa8 Qxa8 11. f3 Rd8 12. Be3 c5 13. d5 e6 14. Bxc5 Nxd5 15. Bd4 Nxc3 16. bxc3 e5 17. Qa4 exd4 18. O-O-O d3 19. Qxc4 d2+ 20. Kc2 Rc8 21. Qb3 Rxc3+ 22. Qxc3 Bxc3 23. Kxc3 Qc6+ 24. Kxd2 Qd5+ 25. Ke3 Qxa2 26. Ra1 Qe6+ 27. Kf2 Qb6+ 28. Ke1 Qd4 29. Rd1 Qc5 30. g4 Bg2 31. Kd2 Bxh1 0-1


[Site "https://www.chess.com"]

[Event "Titled Tuesday Blitz May 24 Early 2022"]
[White "Gulevich, Artem"]
[Black "Kim, Yoon-Young"]
[WhiteFideId "24119580"]
[BlackFideId "30908779"]
[WhiteElo "2218"]
[BlackElo "2109"]
[Result "0-1"]
[Round "03"]
[TimeControl "180+1"]
[Date "2022.05.25"]
[WhiteClock "0:00:03"]
[BlackClock "0:00:07"]

1. Nf3 d5 2. b3 Bg4 3. Bb2 e6 4. e3 Nf6 5. Be2 Be7 6. d4 O-O 7. O-O a5 8. a3 a4 9. b4 Nbd7 10. Nbd2 c6 11. c4 Ne4 12. Nxe4 dxe4 13. Nd2 Bf5 14. Qc2 Nf6 15. Nb1 h5 16. Nc3 Qc7 17. h3 h4 18. Nxa4 g5 19. Nc5 b6 20. Nb3 g4 21. hxg4 Bxg4 22. d5 Bxe2 23. Qxe2 cxd5 24. cxd5 exd5 25. Bxf6 Bxf6 26. Qg4+ Bg7 27. Rac1 Qe7 28. Nd4 Qe5 29. f4 f5 30. Qxh4 Qf6 31. Qg3 Rac8 32. Rxc8 Rxc8 33. a4 Qf7 34. a5 bxa5 35. bxa5 Kf8 36. Ra1 Rc3 37. a6 Bxd4 38. Qg5 Bxe3+ 39. Kf1 Bb6 0-1


[Site "https://www.chess.com"]

[Event "Titled Tuesday Blitz May 24 Early 2022"]
[White "Gurevich, Dmitry"]
[Black "Skuhala, Barbara"]
[WhiteFideId "2000407"]
[BlackFideId "14605465"]
[WhiteElo "2506"]
[BlackElo "2155"]
[Result "1-0"]
[Round "03"]
[TimeControl "180+1"]
[Date "2022.05.25"]
[WhiteClock "0:00:55"]
[BlackClock "0:00:18"]

1. d4 Nf6 2. c4 e6 3. Nf3 d5 4. Nc3 Be7 5. g3 c6 6. Bg2 O-O 7. O-O Re8 8. b3 Nbd7 9. Qc2 Nf8 10. Bb2 Ng6 11. e4 dxe4 12. Nxe4 Nxe4 13. Qxe4 Bf6 14. Ne5 Bxe5 15. dxe5 Qc7 16. Rad1 Rb8 17. h4 Bd7 18. h5 Nf8 19. c5 h6 20. Rd6 Rbd8 21. Rfd1 Bc8 22. f4 Rd7 23. Qd4 Rde7 24. b4 a5 25. a3 axb4 26. axb4 Qb8 27. g4 Nh7 28. Be4 Nf8 29. Kh2 Qa7 30. Rg1 Qa2 31. Rg2 Qb3 32. g5 hxg5 33. Rxg5 Nh7 34. Rg2 Nf8 35. Bc2 Qf3 36. Bd1 Qf1 37. Be2 Qb1 38. Bd3 Qe1 39. Rf2 Bd7 40. Bc3 Bc8 41. Bxe1 1-0


[Site "https://www.chess.com"]

[Event "Titled Tuesday Blitz May 24 Early 2022"]
[White "Hambleton, Aman"]
[Black "Koutlas, Nikolaos"]
[WhiteFideId "2606577"]
[BlackFideId "25827138"]
[WhiteElo "2552"]
[BlackElo "1645"]
[Result "0-1"]
[Round "03"]
[TimeControl "180+1"]
[Date "2022.05.25"]
[WhiteClock "0:00:05"]
[BlackClock "0:00:06"]

1. d4 Nf6 2. c4 g6 3. Nc3 Bg7 4. e4 d6 5. Bd3 O-O 6. Nge2 Nc6 7. h3 e5 8. d5 Nd4 9. Nxd4 exd4 10. Ne2 Re8 11. Qc2 Qe7 12. Ng3 Nxe4 13. Nxe4 f5 14. f3 fxe4 15. fxe4 Bf5 16. O-O Bxe4 17. Bd2 Bxd3 18. Qxd3 Qe2 19. Qxe2 Rxe2 20. Rf2 Rae8 21. Kf1 d3 22. Re1 Rxf2+ 23. Kxf2 Bd4+ 24. Kf3 Rxe1 25. Bxe1 Bxb2 26. Ke4 Kf7 27. Kxd3 c6 28. Bf2 a6 29. a4 Kf6 30. Ke4 h5 31. Bb6 Be5 32. Bd8+ Kf7 33. g4 hxg4 34. hxg4 Ke8 35. Bb6 Kd7 36. Kd3 cxd5 37. cxd5 Bf6 38. Ke4 Bd8 39. Bd4 b5 40. axb5 axb5 41. Kd3 Ke7 42. Kc3 Ba5+ 43. Kd3 Be1 44. Ke2 Bg3 45. Kd3 Be5 46. Be3 b4 47. Kc4 Bc3 48. Bg5+ Kd7 49. Be3 Ke7 50. Bg5+ Kf7 51. Bd8 Ke8 52. Bg5 Kd7 53. Be3 Kc7 54. Bf2 Bd2 55. Bd4 Kd7 56. Bb6 Ke7 57. Ba5 Kf6 58. Bxb4 Bxb4 59. Kxb4 Ke5 60. Kc4 Ke4 61. g5 Ke5 62. Kb5 Kxd5 63. Kb6 Ke4 64. Kc6 d5 65. Kd6 d4 66. Ke6 d3 67. Kf6 d2 68. Kxg6 d1=Q 69. Kf6 Qf3+ 70. Kg7 Qf5 71. g6 Ke5 72. Kh7 Qh5+ 73. Kg7 Kf5 74. Kg8 Qxg6+ 75. Kh8 Qf6+ 76. Kh7 Qe7+ 77. Kh6 Qg5+ 78. Kh7 Kf6 79. Kh8 Qg7# 0-1


[Site "https://www.chess.com"]

[Event "Titled Tuesday Blitz May 24 Early 2022"]
[White "Hansch, Karsten"]
[Black "Sailer, Mike"]
[WhiteFideId "24692239"]
[BlackFideId "2012901"]
[WhiteElo "2358"]
[BlackElo "2109"]
[Result "1-0"]
[Round "03"]
[TimeControl "180+1"]
[Date "2022.05.25"]
[WhiteClock "0:02:20"]
[BlackClock "0:00:23"]

1. e4 d5 2. exd5 Qxd5 3. Nc3 Qd6 4. d4 Nf6 5. Nf3 c6 6. g3 Bf5 7. Bg2 e6 8. O-O Be7 9. Nh4 Bg4 10. Qd3 O-O 11. h3 Bh5 12. g4 Bg6 13. Nxg6 hxg6 14. Be3 Nbd7 15. f4 Nb6 16. f5 gxf5 17. gxf5 Nbd5 18. Rae1 Nxe3 19. Qxe3 Nd5 20. Nxd5 cxd5 21. fxe6 f6 22. Rf5 Qb4 23. Rxd5 Qxb2 24. Rd7 Rfe8 25. Rxb7 Qxa2 26. Rxe7 Rxe7 27. Bxa8 Qxc2 28. Bg2 1-0


[Site "https://www.chess.com"]

[Event "Titled Tuesday Blitz May 24 Early 2022"]
[White "Hernandez Jimenez, Alexander Andres"]
[Black "Dobre, Claudiu-Cristian"]
[WhiteFideId "3900452"]
[BlackFideId "1211854"]
[WhiteElo "2098"]
[BlackElo "2207"]
[Result "0-1"]
[Round "03"]
[TimeControl "180+1"]
[Date "2022.05.25"]
[WhiteClock "0:00:01"]
[BlackClock "0:00:07"]

1. e4 Nc6 2. d4 d5 3. e5 Bf5 4. c3 e6 5. Nf3 h6 6. Bd3 Nge7 7. O-O a6 8. Re1 Bxd3 9. Qxd3 Nf5 10. Nbd2 Be7 11. Nf1 O-O 12. Ng3 Nxg3 13. hxg3 Na5 14. b3 b6 15. Bb2 c5 16. c4 dxc4 17. bxc4 cxd4 18. Nxd4 Rc8 19. Rac1 Qc7 20. Ba3 Rfd8 21. Bxe7 Qxe7 22. Qe4 Qc7 23. f4 Nxc4 24. Nf3 b5 25. f5 exf5 26. Qxf5 Qb6+ 27. Kh2 Qe6 28. Qxe6 fxe6 29. Red1 Rxd1 30. Rxd1 Rc5 31. Rd6 Nxe5 32. Rxa6 Ng4+ 33. Kh3 Nf2+ 34. Kh2 e5 35. Kg1 Ng4 36. Kf1 e4 37. Nd4 Kf7 38. Ke2 b4 39. Rb6 Rc4 40. Nb3 Rc2+ 41. Kd1 Ne3+ 42. Ke1 Nxg2+ 43. Kd1 Ne3+ 44. Ke1 Rc4 45. Na5 Rc2 46. Rxb4 Ng2+ 0-1


[Site "https://www.chess.com"]